TOP OF THE 1ST |
Minnesota ManBearPigs batting - Pitching for Butler White Sox : LHP Francisco Rodríguez
|
Pitching: LHP Francisco Rodríguez
|
|
Batting: RHB Carlos López
|
0-0: Ball 1-0: Ball 2-0: Called Strike 2-1: Called Strike 2-2: Fly out, F8 (Flyball, 78M)
|
Batting: RHB Jaime Hernández
|
0-0: Called Strike 0-1: Ball 1-1: Foul Ball, location: 2F 1-2: Ground out 6-3 (Groundball, 6)
|
Batting: LHB Stanley Smith
|
0-0: Foul Ball, location: 2F 0-1: Ball 1-1: Fly out, F9 (Flyball, 9D)
|
Top of the 1st over - 0 runs, 0 hits, 0 errors, 0 left on base; Minnesota 0 - Butler 0 |
BOTTOM OF THE 1ST |
Butler White Sox batting - Pitching for Minnesota ManBearPigs : LHP José Ávila
|
Pitching: LHP José Ávila
|
|
Batting: RHB Luis Fuentes
|
0-0: Called Strike 0-1: Ground out 4-3 (Groundball, 4MD)
|
Batting: LHB Josh Pérez
|
0-0: Ball 1-0: Ground out 4-3 (Groundball, 4)
|
Batting: SHB Ben Marks
|
0-0: Ball 1-0: Ball 2-0: Foul Ball, location: 2F 2-1: Ground out 3-1 (Groundball, 34S)
|
Bottom of the 1st over - 0 runs, 0 hits, 0 errors, 0 left on base; Minnesota 0 - Butler 0 |
TOP OF THE 2ND |
Minnesota ManBearPigs batting - Pitching for Butler White Sox : LHP Francisco Rodríguez
|
Batting: RHB Pedro López
|
0-0: Swinging Strike 0-1: Swinging Strike 0-2: Ball 1-2: Foul Ball, location: 2F 1-2: Ball 2-2: DOUBLE (Groundball, 5L)
|
Batting: SHB Darrel Lang
|
0-0: Ball 1-0: Swinging Strike 1-1: Foul Ball, location: 2F 1-2: SINGLE (Line Drive, 78S) Pedro López to third Runner from 3rd tries for Home, throw and OUT!
|
Batting: RHB James Hunter
|
0-0: Called Strike 0-1: Ball 1-1: Ball 2-1: Called Strike 2-2: Ball 3-2: Grounds into double play, 1-6-3 (Groundball, P)
|
Top of the 2nd over - 0 runs, 2 hits, 0 errors, 0 left on base; Minnesota 0 - Butler 0 |
BOTTOM OF THE 2ND |
Butler White Sox batting - Pitching for Minnesota ManBearPigs : LHP José Ávila
|
Batting: LHB Sam Haynes
|
0-0: Swinging Strike 0-1: Swinging Strike 0-2: SINGLE (Groundball, 6MD)
|
Batting: LHB Jim Knight
|
0-0: Ball 1-0: Ball 2-0: Ball 3-0: Called Strike 3-1: Base on Balls Sam Haynes to second
|
Batting: SHB Giel Molendijk
|
0-0: Foul Ball, location: 2F 0-1: Ball 1-1: Foul Ball, location: 2F 1-2: Ball 2-2: Ball 3-2: Base on Balls Sam Haynes to third Jim Knight to second
|
Batting: RHB Ángel Serrano
|
0-0: Fly out, F8 (Flyball, 8RM) Runner from 3rd tags up, SCORES, throw made
|
Batting: RHB Jerry Moore
|
0-0: Called Strike 0-1: Called Strike 0-2: Fly out, F9 (Line Drive, 9D)
|
Batting: LHB Denny Allen
|
0-0: Ball 1-0: Foul Ball, location: 2F 1-1: Foul Ball, location: 2F 1-2: Ball 2-2: Fielders Choice at 2nd, 5-4 (Groundball, 56)
|
Bottom of the 2nd over - 1 run, 1 hit, 0 errors, 2 left on base; Minnesota 0 - Butler 1 |
TOP OF THE 3RD |
Minnesota ManBearPigs batting - Pitching for Butler White Sox : LHP Francisco Rodríguez
|
Batting: LHB Pedro Escobar
|
0-0: Called Strike 0-1: Foul Ball, location: 2F 0-2: Strikes out looking
|
Batting: RHB Álex Martínez
|
0-0: Ball 1-0: DOUBLE (Line Drive, 9D)
|
Batting: RHB Nicoli Turina
|
0-0: Called Strike 0-1: Fly out, F5 (Line Drive, 5)
|
Batting: RHB Carlos López
|
0-0: Foul Ball, location: 2F 0-1: Foul Ball, location: 2F 0-2: Ball 1-2: Ball 2-2: Foul Ball, location: 2F 2-2: Foul Ball, location: 2F 2-2: Foul Ball, location: 2F 2-2: Ground out 5-3 (Groundball, 5)
|
Top of the 3rd over - 0 runs, 1 hit, 0 errors, 1 left on base; Minnesota 0 - Butler 1 |
BOTTOM OF THE 3RD |
Butler White Sox batting - Pitching for Minnesota ManBearPigs : LHP José Ávila
|
Batting: RHB Luis Fuentes
|
0-0: Called Strike 0-1: Foul Ball, location: 2F 0-2: Ball 1-2: Ground out 6-3 (Groundball, 6M)
|
Batting: LHB Josh Pérez
|
0-0: Called Strike 0-1: Ball 1-1: Foul Ball, location: 2F 1-2: Strikes out swinging
|
Batting: SHB Ben Marks
|
0-0: Called Strike 0-1: Ball 1-1: Called Strike 1-2: Foul Ball, location: 2F 1-2: Strikes out swinging
|
Bottom of the 3rd over - 0 runs, 0 hits, 0 errors, 0 left on base; Minnesota 0 - Butler 1 |
TOP OF THE 4TH |
Minnesota ManBearPigs batting - Pitching for Butler White Sox : LHP Francisco Rodríguez
|
Batting: RHB Jaime Hernández
|
0-0: Swinging Strike 0-1: Foul Ball, location: 2F 0-2: Ball 1-2: Ball 2-2: SINGLE (Groundball, 6MD)
|
Batting: LHB Stanley Smith
|
0-0: Called Strike 0-1: Swinging Strike 0-2: Foul Ball, location: 2F 0-2: Foul Ball, location: 2F 0-2: Fly out, F9 (Flyball, 89D)
|
Batting: RHB Pedro López
|
0-0: Called Strike 0-1: Foul Ball, location: 2F 0-2: Foul Ball, location: 2F 0-2: Ball 1-2: Foul Ball, location: 2F 1-2: Ball 2-2: Strikes out swinging
|
Batting: SHB Darrel Lang
|
0-0: Called Strike 0-1: Fielders Choice at 2nd, 6-4 (Groundball, 6D)
|
Top of the 4th over - 0 runs, 1 hit, 0 errors, 1 left on base; Minnesota 0 - Butler 1 |
BOTTOM OF THE 4TH |
Butler White Sox batting - Pitching for Minnesota ManBearPigs : LHP José Ávila
|
Batting: LHB Sam Haynes
|
0-0: Called Strike 0-1: Foul Ball, location: 2F 0-2: Strikes out swinging
|
Batting: LHB Jim Knight
|
0-0: Foul Ball, location: 2F 0-1: Foul Ball, location: 2F 0-2: Strikes out swinging
|
Batting: SHB Giel Molendijk
|
0-0: Called Strike 0-1: Ball 1-1: Foul Ball, location: 2F 1-2: Foul Ball, location: 2F 1-2: Fly out, F7 (Flyball, 7)
|
Bottom of the 4th over - 0 runs, 0 hits, 0 errors, 0 left on base; Minnesota 0 - Butler 1 |
TOP OF THE 5TH |
Minnesota ManBearPigs batting - Pitching for Butler White Sox : LHP Francisco Rodríguez
|
Batting: RHB James Hunter
|
0-0: Ball 1-0: Ball 2-0: SINGLE (Groundball, 6MD)
|
Batting: LHB Pedro Escobar
|
0-0: Ball 1-0: Ball 2-0: Called Strike 2-1: Called Strike 2-2: Ground out U3 (Groundball, 3S) James Hunter to second
|
Batting: RHB Álex Martínez
|
0-0: Called Strike 0-1: Swinging Strike 0-2: Ball 1-2: Ball 2-2: Strikes out swinging
|
Batting: RHB Nicoli Turina
|
0-0: Called Strike 0-1: Ball 1-1: Called Strike 1-2: Strikes out swinging
|
Top of the 5th over - 0 runs, 1 hit, 0 errors, 1 left on base; Minnesota 0 - Butler 1 |
BOTTOM OF THE 5TH |
Butler White Sox batting - Pitching for Minnesota ManBearPigs : LHP José Ávila
|
Batting: RHB Ángel Serrano
|
0-0: Ball 1-0: Called Strike 1-1: Foul Ball, location: 2F 1-2: Ball 2-2: Foul Ball, location: 2F 2-2: DOUBLE (Groundball, 5L)
|
Batting: RHB Jerry Moore
|
0-0: Intentional Walk
|
Batting: LHB Denny Allen
|
0-0: Swinging Strike 0-1: Called Strike 0-2: Foul Ball, location: 2F 0-2: Ball 1-2: Ball 2-2: Foul Ball, location: 2F 2-2: Foul Ball, location: 2F 2-2: Strikes out swinging
|
Batting: RHB Luis Fuentes
|
0-0: Fly out, F9 (Flyball, 9)
|
Batting: LHB Josh Pérez
|
0-0: Ball 1-0: Foul Ball, location: 2F 1-1: Ball 2-1: Called Strike 2-2: Ball 3-2: Base on Balls Ángel Serrano to third Jerry Moore to second
|
Batting: SHB Ben Marks
|
0-0: Ball 1-0: Called Strike 1-1: Swinging Strike 1-2: Fly out, F9 (Line Drive, 9)
|
Bottom of the 5th over - 0 runs, 1 hit, 0 errors, 3 left on base; Minnesota 0 - Butler 1 |
TOP OF THE 6TH |
Minnesota ManBearPigs batting - Pitching for Butler White Sox : LHP Francisco Rodríguez
|
Batting: RHB Carlos López
|
0-0: Ball 1-0: Called Strike 1-1: Ball 2-1: Fly out, F2 (Popup, 23F)
|
Batting: RHB Jaime Hernández
|
0-0: Fly out, F7 (Flyball, 7)
|
Batting: LHB Stanley Smith
|
0-0: Ball 1-0: SINGLE (Line Drive, 7S)
|
Batting: RHB Pedro López
|
0-0: Ball 1-0: Fielders Choice at 2nd, 6-4 (Groundball, 56)
|
Top of the 6th over - 0 runs, 1 hit, 0 errors, 1 left on base; Minnesota 0 - Butler 1 |
BOTTOM OF THE 6TH |
Butler White Sox batting - Pitching for Minnesota ManBearPigs : LHP José Ávila
|
Batting: LHB Sam Haynes
|
0-0: Reached on error, E6 (Groundball, 6)
|
Pitching: RHP Ryan Allen
|
|
Batting: LHB Jim Knight
|
0-0: Intentional Walk
|
Batting: SHB Giel Molendijk
|
0-0: Called Strike 0-1: Ball 1-1: Called Strike 1-2: SINGLE (Line Drive, 4MD) Sam Haynes to third Jim Knight to second Runner from 3rd tries for Home, SAFE, no throw
|
Batting: RHB Ángel Serrano
|
0-0: Called Strike 0-1: Ball 1-1: Called Strike 1-2: Foul Ball, location: 2F 1-2: Ball 2-2: Ball 3-2: SINGLE (Groundball, 34D) Jim Knight to third Giel Molendijk to second
|
Batting: RHB Jerry Moore
|
0-0: Ball 1-0: Foul Ball, location: 2F 1-1: Foul Ball, location: 2F 1-2: Fly out, F8 (Flyball, 89D) Runner from 3rd tags up, SCORES, no throw
|
Batting: LHB Denny Allen
|
0-0: Ball 1-0: Called Strike 1-1: Ball 2-1: Ball 3-1: Foul Ball, location: 2F 3-2: Foul Ball, location: 2F 3-2: Foul Ball, location: 2F 3-2: Grounds into double play, 3-6-3 (Groundball, 3)
|
Bottom of the 6th over - 2 runs, 2 hits, 1 error, 1 left on base; Minnesota 0 - Butler 3 |
TOP OF THE 7TH |
Minnesota ManBearPigs batting - Pitching for Butler White Sox : LHP Francisco Rodríguez
|
Batting: SHB Darrel Lang
|
0-0: Ball 1-0: Ball 2-0: Ground out 5-3 (Groundball, 56)
|
Batting: RHB James Hunter
|
0-0: Ball 1-0: Ball 2-0: SINGLE (Flyball, 9LS)
|
Batting: LHB Pedro Escobar
|
0-0: Ball 1-0: Ball 2-0: Ball 3-0: Called Strike 3-1: Fielders Choice at 2nd, 4-6 (Groundball, 4MD)
|
Batting: RHB Álex Martínez
|
0-0: Ball 1-0: Called Strike 1-1: Ball 2-1: Swinging Strike 2-2: Foul Ball, location: 2F 2-2: Ball 3-2: Foul Ball, location: 2F 3-2: Ground out 6-3 (Groundball, 6)
|
Top of the 7th over - 0 runs, 1 hit, 0 errors, 1 left on base; Minnesota 0 - Butler 3 |
BOTTOM OF THE 7TH |
Butler White Sox batting - Pitching for Minnesota ManBearPigs : RHP Ryan Allen
|
Batting: RHB Luis Fuentes
|
0-0: Ball 1-0: Foul Ball, location: 2F 1-1: Ball 2-1: Ball 3-1: Base on Balls
|
Batting: LHB Josh Pérez
|
0-0: Ball Luis Fuentes steals 2nd base 1-0: Foul Ball, location: 2F 1-1: Foul Ball, location: 2F 1-2: Ball Wild Pitch! Luis Fuentes to third 2-2: Foul Ball, location: 2F 2-2: Ball 3-2: Foul Ball, location: 2F 3-2: Base on Balls
|
Batting: SHB Ben Marks
|
0-0: Called Strike 0-1: Ground out 4-3 (Groundball, 4S) Josh Pérez to second
|
Batting: LHB Sam Haynes
|
0-0: Called Strike 0-1: DOUBLE (Flyball, 78D) Luis Fuentes scores Josh Pérez scores
|
Batting: LHB Jim Knight
|
0-0: Intentional Walk
|
Pitching: LHP José Reyes
|
|
Batting: SHB Giel Molendijk
|
0-0: SINGLE (Groundball, 56D) Sam Haynes to third Jim Knight to second Runner from 3rd tries for Home, SAFE, no throw
|
Batting: RHB Ángel Serrano
|
0-0: Foul Ball, location: 2F 0-1: Ground out 3-1 (Groundball, 34S) Jim Knight to third Giel Molendijk to second
|
Batting: RHB Jerry Moore
|
0-0: Ground out 5-3 (Groundball, 5)
|
Bottom of the 7th over - 3 runs, 2 hits, 0 errors, 2 left on base; Minnesota 0 - Butler 6 |
TOP OF THE 8TH |
Minnesota ManBearPigs batting - Pitching for Butler White Sox : LHP Francisco Rodríguez
|
Pitching: RHP Carlos Olmedo
|
|
Batting: RHB Nicoli Turina
|
0-0: Called Strike 0-1: Ball 1-1: Ball 2-1: Foul Ball, location: 2F 2-2: Ground out 5-3 (Groundball, 56)
|
Batting: RHB Carlos López
|
0-0: Fly out, F5 (Popup, 56S)
|
Batting: RHB Jaime Hernández
|
0-0: Ball 1-0: Ball 2-0: Swinging Strike 2-1: Foul Ball, location: 2F 2-2: Ball 3-2: Strikes out looking
|
Top of the 8th over - 0 runs, 0 hits, 0 errors, 0 left on base; Minnesota 0 - Butler 6 |
BOTTOM OF THE 8TH |
Butler White Sox batting - Pitching for Minnesota ManBearPigs : LHP José Reyes
|
Batting: LHB Denny Allen
|
0-0: Ball 1-0: Ball 2-0: Foul Ball, location: 2F 2-1: Ground out 6-3 (Groundball, 6)
|
Batting: RHB Luis Fuentes
|
0-0: Called Strike 0-1: Ball 1-1: Called Strike 1-2: Ball 2-2: Ball 3-2: Base on Balls
|
Batting: LHB Josh Pérez
|
0-0: Called Strike 0-1: Ball Wild Pitch! Luis Fuentes to second 1-1: Called Strike 1-2: Fly out, F5 (Flyball, 56D)
|
Batting: SHB Ben Marks
|
0-0: Ball 1-0: Called Strike 1-1: Ball 2-1: Ball 3-1: Foul Ball, location: 2F 3-2: Base on Balls
|
Batting: LHB Sam Haynes
|
0-0: SINGLE (Groundball, 6MD) Luis Fuentes to third Ben Marks to second Runner from 3rd tries for Home, SAFE, no throw
|
Batting: LHB Jim Knight
|
0-0: Called Strike 0-1: Called Strike 0-2: SINGLE (Flyball, 89S) Ben Marks to third Sam Haynes to second
|
Batting: SHB Giel Molendijk
|
0-0: Swinging Strike 0-1: SINGLE (Groundball, 6MD) Ben Marks scores Sam Haynes to third Jim Knight to second Runner from 3rd tries for Home, SAFE, no throw
|
Batting: RHB Ángel Serrano
|
0-0: Hit by Pitch Jim Knight to third Giel Molendijk to second
|
Batting: RHB Jerry Moore
|
0-0: Ball 1-0: Foul Ball, location: 2F 1-1: Called Strike 1-2: Ball 2-2: Foul Ball, location: 2F 2-2: Ball 3-2: Foul Ball, location: 2F 3-2: Fly out, F5 (Line Drive, 5S)
|
Bottom of the 8th over - 3 runs, 3 hits, 0 errors, 3 left on base; Minnesota 0 - Butler 9 |
TOP OF THE 9TH |
Minnesota ManBearPigs batting - Pitching for Butler White Sox : RHP Carlos Olmedo
|
Batting: LHB Stanley Smith
|
0-0: Called Strike 0-1: Fly out, F9 (Line Drive, 9)
|
Batting: RHB Pedro López
|
0-0: Called Strike 0-1: Foul Ball, location: 2F 0-2: Ball 1-2: Ball 2-2: Strikes out swinging
|
Batting: SHB Darrel Lang
|
0-0: Ball 1-0: Called Strike 1-1: Ball 2-1: Called Strike 2-2: Strikes out swinging
|
Top of the 9th over - 0 runs, 0 hits, 0 errors, 0 left on base; Minnesota 0 - Butler 9 |
|